TOP OF THE 1ST |
Alabama Shakes batting - Pitching for Long Beach KO : RHP José Rivera
|
Pitching: RHP José Rivera
|
|
Batting: SHB Hedde Stapel
|
0-0: Foul Ball, location: 2F 0-1: Foul Ball, location: 2F 0-2: Ball 1-2: Strikes out swinging wild pitch, reaches first!
|
Batting: SHB Esteban Aliaga
|
0-0: Ball 1-0: Grounds out, U3 (Groundball, 3L)
|
Batting: RHB Michael Scott
|
0-0: Ball Wild Pitch! Hedde Stapel to third 1-0: Ball 2-0: Ball 3-0: Called Strike 3-1: Called Strike 3-2: Reached on error, E6 (Groundball, 6) Hedde Stapel scores
|
Batting: LHB Edgardo Molina
|
0-0: 2-RUN HOME RUN (Flyball, 9D), Distance : 370 ft
|
Batting: RHB Troy Johnson
|
0-0: Called Strike 0-1: Called Strike 0-2: Foul Ball, location: 2F 0-2: SINGLE (Line Drive, 7S)
|
Batting: RHB Seth O'Toole
|
0-0: Ball 1-0: Foul Ball, location: 2F 1-1: Ball 2-1: Foul Ball, location: 2F 2-2: Ball 3-2: Foul Ball, location: 2F 3-2: Base on Balls Troy Johnson to second
|
Batting: RHB Terry Lawrence
|
0-0: Ball 1-0: Called Strike 1-1: Foul Ball, location: 2F 1-2: Ball Wild Pitch! Troy Johnson to third Seth O'Toole to second 2-2: Foul Ball, location: 2F 2-2: Strikes out looking
|
Batting: LHB Dax Valdéz
|
0-0: Ball 1-0: Fly out, F4 (Line Drive, 4M)
|
Top of the 1st over - 3 run(s), 2 hit(s), 1 error(s), 2 left on base; Alabama 3 - Long Beach 0 |
BOTTOM OF THE 1ST |
Long Beach KO batting - Pitching for Alabama Shakes : LHP Ben Johnston
|
Pitching: LHP Ben Johnston
|
|
Batting: LHB Juan Ortíz
|
0-0: Fly out, F8 (Flyball, 8RM)
|
Batting: LHB Gabriel Estrada
|
0-0: Swinging Strike 0-1: SINGLE (Line Drive, 56)
|
Batting: LHB José Guillén
|
0-0: Ball 1-0: Ball 2-0: Called Strike 2-1: Called Strike 2-2: Foul Ball, location: 2F 2-2: Foul Ball, location: 2F 2-2: Ball 3-2: Strikes out swinging
|
Batting: RHB José González
|
0-0: Called Strike 0-1: Ball 1-1: Ground out 5-3 (Groundball, 56S)
|
Bottom of the 1st over - 0 run(s), 1 hit(s), 0 error(s), 1 left on base; Alabama 3 - Long Beach 0 |
TOP OF THE 2ND |
Alabama Shakes batting - Pitching for Long Beach KO : RHP José Rivera
|
Batting: RHB Chris Barker
|
0-0: Ball 1-0: Ball 2-0: Called Strike 2-1: Swinging Strike 2-2: Strikes out swinging
|
Batting: SHB Hedde Stapel
|
0-0: Foul Ball, location: 2F 0-1: Ball 1-1: Ball 2-1: Called Strike 2-2: Strikes out swinging
|
Batting: SHB Esteban Aliaga
|
0-0: Foul Ball, location: 2F 0-1: Called Strike 0-2: Ball 1-2: Ball 2-2: Strikes out looking
|
Top of the 2nd over - 0 run(s), 0 hit(s), 0 error(s), 0 left on base; Alabama 3 - Long Beach 0 |
BOTTOM OF THE 2ND |
Long Beach KO batting - Pitching for Alabama Shakes : LHP Ben Johnston
|
Batting: RHB Tim Torres
|
0-0: Swinging Strike 0-1: Ball 1-1: Ground out 5-3 (Groundball, 56)
|
Batting: LHB John Lynch
|
0-0: Called Strike 0-1: Foul Ball, location: 2F 0-2: Ball 1-2: Strikes out swinging
|
Batting: RHB Cal Cox
|
0-0: Foul Ball, location: 2F 0-1: Foul Ball, location: 2F 0-2: Foul Ball, location: 2F 0-2: Ball 1-2: Ball 2-2: SINGLE (Flyball, 6MD)
|
Batting: RHB Miguel Rodríguez
|
0-0: Ball 1-0: Called Strike 1-1: 2-RUN HOME RUN (Flyball, 7D), Distance : 394 ft
|
Batting: RHB Carlos Sánchez
|
0-0: Swinging Strike 0-1: SINGLE (Groundball, 13S) (infield hit)
|
Batting: LHB Juan Ortíz
|
0-0: SINGLE (Groundball, 34D) Carlos Sánchez to second Runner from 2nd tries for 3rd, SAFE, throw made to third
|
Batting: LHB Gabriel Estrada
|
0-0: Ball 1-0: Ball Wild Pitch! Carlos Sánchez scores Juan Ortíz to second 2-0: Called Strike 2-1: Ground out 4-3 (Groundball, 4MS)
|
Bottom of the 2nd over - 3 run(s), 4 hit(s), 0 error(s), 1 left on base; Alabama 3 - Long Beach 3 |
TOP OF THE 3RD |
Alabama Shakes batting - Pitching for Long Beach KO : RHP José Rivera
|
Batting: RHB Michael Scott
|
0-0: Ball 1-0: Called Strike 1-1: Called Strike 1-2: Foul Ball, location: 2F 1-2: Ball 2-2: Strikes out swinging
|
Batting: LHB Edgardo Molina
|
0-0: Ball 1-0: Ball 2-0: Ball 3-0: Called Strike 3-1: DOUBLE (Line Drive, 78M)
|
Batting: RHB Troy Johnson
|
0-0: Ball 1-0: Ball 2-0: Ball 3-0: Called Strike 3-1: SINGLE (Groundball, 4D) Edgardo Molina to third
|
Batting: RHB Seth O'Toole
|
0-0: Called Strike 0-1: Ball 1-1: Fly out, F7 (Flyball, 78D) Runner from 3rd tags up, SCORES, no throw
|
Batting: RHB Terry Lawrence
|
0-0: Swinging Strike 0-1: Ball 1-1: Ball 2-1: Swinging Strike 2-2: Ball 3-2: Foul Ball, location: 2F 3-2: SINGLE (Groundball, 56D) Troy Johnson to second Troy Johnson to third
|
Batting: LHB Dax Valdéz
|
0-0: Ball 1-0: Ball 2-0: Foul Ball, location: 2F 2-1: SINGLE (Groundball, 34D) Troy Johnson scores Terry Lawrence to second Runner from 2nd tries for 3rd, SAFE, throw made to third
|
Batting: RHB Chris Barker
|
0-0: Swinging Strike 0-1: Called Strike 0-2: Ball 1-2: Strikes out swinging
|
Top of the 3rd over - 2 run(s), 4 hit(s), 0 error(s), 2 left on base; Alabama 5 - Long Beach 3 |
BOTTOM OF THE 3RD |
Long Beach KO batting - Pitching for Alabama Shakes : LHP Ben Johnston
|
Batting: LHB José Guillén
|
0-0: Ground out U3 (Groundball, 3)
|
Batting: RHB José González
|
0-0: SINGLE (Groundball, 6M) (infield hit)
|
Batting: RHB Tim Torres
|
0-0: Ball 1-0: Ball 2-0: Fly out, F6 (Popup, 6D)
|
Batting: LHB John Lynch
|
0-0: Ball José González is caught stealing 2nd base
|
Bottom of the 3rd over - 0 run(s), 1 hit(s), 0 error(s), 0 left on base; Alabama 5 - Long Beach 3 |
TOP OF THE 4TH |
Alabama Shakes batting - Pitching for Long Beach KO : RHP José Rivera
|
Pitching: RHP Bruce Collins
|
|
Batting: SHB Hedde Stapel
|
0-0: Ball 1-0: Ground out 6-3 (Groundball, 6)
|
Batting: SHB Esteban Aliaga
|
0-0: Ball 1-0: Ground out 4-3 (Groundball, 4)
|
Batting: RHB Michael Scott
|
0-0: Ball 1-0: SINGLE (Line Drive, 56)
|
Batting: LHB Edgardo Molina
|
0-0: Ball 1-0: Called Strike 1-1: Fly out, F7 (Flyball, 7)
|
Top of the 4th over - 0 run(s), 1 hit(s), 0 error(s), 1 left on base; Alabama 5 - Long Beach 3 |
BOTTOM OF THE 4TH |
Long Beach KO batting - Pitching for Alabama Shakes : LHP Ben Johnston
|
Batting: LHB John Lynch
|
0-0: Swinging Strike 0-1: Ball 1-1: Ground out 6-3 (Groundball, 56)
|
Batting: RHB Cal Cox
|
0-0: Ball 1-0: Foul Ball, location: 2F 1-1: SINGLE (Flyball, 8RS)
|
Batting: RHB Miguel Rodríguez
|
0-0: Ball 1-0: Called Strike Cal Cox is caught stealing 2nd base 1-1: SINGLE (Line Drive, 8RS)
|
Batting: RHB Carlos Sánchez
|
0-0: Ball 1-0: Ball 2-0: Called Strike 2-1: Ball 3-1: Foul Ball, location: 2F 3-2: Base on Balls Miguel Rodríguez to second
|
Batting: LHB Juan Ortíz
|
0-0: Called Strike 0-1: Ball 1-1: Called Strike 1-2: Ball 2-2: Strikes out swinging, 2-3 out at first.
|
Bottom of the 4th over - 0 run(s), 2 hit(s), 0 error(s), 2 left on base; Alabama 5 - Long Beach 3 |
TOP OF THE 5TH |
Alabama Shakes batting - Pitching for Long Beach KO : RHP Bruce Collins
|
Batting: RHB Troy Johnson
|
0-0: Ball 1-0: Called Strike 1-1: Called Strike 1-2: Ball 2-2: Foul Ball, location: 2F 2-2: Foul Ball, location: 2F 2-2: Ball 3-2: Foul Ball, location: 2F 3-2: Fly out, F8 (Flyball, 8LXD)
|
Batting: RHB Seth O'Toole
|
0-0: Called Strike 0-1: Ball 1-1: Ball 2-1: Ball 3-1: Swinging Strike 3-2: Base on Balls
|
Batting: RHB Terry Lawrence
|
0-0: Ball 1-0: Called Strike 1-1: DOUBLE (Line Drive, 89D) Seth O'Toole to third
|
Batting: LHB Dax Valdéz
|
0-0: Intentional Walk
|
Batting: RHB Chris Barker
|
0-0: Ball 1-0: Swinging Strike 1-1: Fly out, F6 (Line Drive, 6M)
|
Batting: SHB Hedde Stapel
|
0-0: Called Strike 0-1: Fielders Choice at 2nd, 5-4 (Groundball, 56)
|
Top of the 5th over - 0 run(s), 1 hit(s), 0 error(s), 2 left on base; Alabama 5 - Long Beach 3 |
BOTTOM OF THE 5TH |
Long Beach KO batting - Pitching for Alabama Shakes : LHP Ben Johnston
|
Batting: LHB Gabriel Estrada
|
0-0: Ball 1-0: Called Strike 1-1: Swinging Strike 1-2: Ground out 6-3 (Groundball, 6M)
|
Batting: LHB José Guillén
|
0-0: Ball 1-0: Swinging Strike 1-1: Called Strike 1-2: Fly out, F5 (Flyball, 56D)
|
Batting: RHB José González
|
0-0: Called Strike 0-1: Ground out 5-3 (Groundball, 56)
|
Bottom of the 5th over - 0 run(s), 0 hit(s), 0 error(s), 0 left on base; Alabama 5 - Long Beach 3 |
TOP OF THE 6TH |
Alabama Shakes batting - Pitching for Long Beach KO : RHP Bruce Collins
|
Batting: SHB Esteban Aliaga
|
0-0: Ball 1-0: Called Strike 1-1: Ball 2-1: Foul Ball, location: 2F 2-2: Ball 3-2: Foul Ball, location: 2F 3-2: Strikes out looking
|
Batting: RHB Michael Scott
|
0-0: Ball 1-0: SINGLE (Line Drive, 6)
|
Batting: LHB Edgardo Molina
|
0-0: Called Strike 0-1: Called Strike 0-2: Ball 1-2: Strikes out swinging
|
Batting: RHB Troy Johnson
|
0-0: Called Strike 0-1: Foul Ball, location: 2F 0-2: Ball 1-2: Foul Ball, location: 2F 1-2: Reached on error, E9 (Flyball, 9S) Michael Scott to third
|
Batting: RHB Seth O'Toole
|
0-0: 3-RUN HOME RUN (Line Drive, 8LXD), Distance : 434 ft
|
Pitching: RHP Dave Wilson
|
|
Batting: RHB Terry Lawrence
|
0-0: Called Strike 0-1: Foul Ball, location: 2F 0-2: Ball 1-2: Foul Ball, location: 2F 1-2: Strikes out swinging
|
Top of the 6th over - 3 run(s), 2 hit(s), 1 error(s), 0 left on base; Alabama 8 - Long Beach 3 |
BOTTOM OF THE 6TH |
Long Beach KO batting - Pitching for Alabama Shakes : LHP Ben Johnston
|
Batting: RHB Tim Torres
|
0-0: Called Strike 0-1: Ball 1-1: Swinging Strike 1-2: Ball 2-2: Strikes out swinging
|
Batting: LHB John Lynch
|
0-0: Called Strike 0-1: Ball 1-1: Swinging Strike 1-2: Ground out 4-3 (Groundball, 34)
|
Batting: RHB Cal Cox
|
0-0: Swinging Strike 0-1: Called Strike 0-2: Strikes out swinging
|
Bottom of the 6th over - 0 run(s), 0 hit(s), 0 error(s), 0 left on base; Alabama 8 - Long Beach 3 |
TOP OF THE 7TH |
Alabama Shakes batting - Pitching for Long Beach KO : RHP Dave Wilson
|
Batting: LHB Dax Valdéz
|
0-0: Called Strike 0-1: Called Strike 0-2: Foul Ball, location: 2F 0-2: Foul Ball, location: 2F 0-2: Foul Ball, location: 2F 0-2: SINGLE (Groundball, 34D)
|
Batting: RHB Chris Barker
|
0-0: Ball 1-0: Ball 2-0: Foul Ball, location: 2F 2-1: Grounds into double play, 5-4-3 (Groundball, 56)
|
Batting: SHB Hedde Stapel
|
0-0: Fly out, F7 (Line Drive, 7)
|
Top of the 7th over - 0 run(s), 1 hit(s), 0 error(s), 0 left on base; Alabama 8 - Long Beach 3 |
BOTTOM OF THE 7TH |
Long Beach KO batting - Pitching for Alabama Shakes : LHP Ben Johnston
|
Pitching: RHP Pedro Pérez
|
|
Batting: RHB Miguel Rodríguez
|
0-0: Ball 1-0: Called Strike 1-1: Swinging Strike 1-2: Foul Ball, location: 2F 1-2: Ball 2-2: Foul Ball, location: 2F 2-2: Strikes out swinging
|
Batting: RHB Carlos Sánchez
|
0-0: Ground out 1-3 (Groundball, 15S)
|
Batting: LHB Juan Ortíz
|
0-0: Called Strike 0-1: Foul Ball, location: 2F 0-2: Foul Ball, location: 2F 0-2: Ball 1-2: Ground out 3-1 (Groundball, 34)
|
Bottom of the 7th over - 0 run(s), 0 hit(s), 0 error(s), 0 left on base; Alabama 8 - Long Beach 3 |
TOP OF THE 8TH |
Alabama Shakes batting - Pitching for Long Beach KO : RHP Dave Wilson
|
Batting: SHB Esteban Aliaga
|
0-0: Ball 1-0: Ball 2-0: Foul Ball, location: 2F 2-1: Swinging Strike 2-2: Fly out, F7 (Flyball, 78S)
|
Batting: RHB Michael Scott
|
0-0: Called Strike 0-1: Ball 1-1: Swinging Strike 1-2: Strikes out swinging
|
Batting: LHB Edgardo Molina
|
0-0: Ball 1-0: Ball 2-0: Ball 3-0: Called Strike 3-1: Base on Balls
|
Batting: RHB Troy Johnson
|
0-0: Called Strike 0-1: Ball 1-1: Foul Ball, location: 2F 1-2: Strikes out swinging
|
Top of the 8th over - 0 run(s), 0 hit(s), 0 error(s), 1 left on base; Alabama 8 - Long Beach 3 |
BOTTOM OF THE 8TH |
Long Beach KO batting - Pitching for Alabama Shakes : RHP Pedro Pérez
|
Batting: LHB Gabriel Estrada
|
0-0: Called Strike 0-1: Ball 1-1: Fly out, F8 (Line Drive, 78M)
|
Batting: LHB José Guillén
|
0-0: Ball 1-0: Called Strike 1-1: Foul Ball, location: 2F 1-2: Ball 2-2: Foul Ball, location: 2F 2-2: Ball 3-2: Ground out 4-3 (Groundball, 34)
|
Batting: RHB José González
|
0-0: Foul Ball, location: 2F 0-1: Ball 1-1: Fly out, F5 (Popup, 56)
|
Bottom of the 8th over - 0 run(s), 0 hit(s), 0 error(s), 0 left on base; Alabama 8 - Long Beach 3 |
TOP OF THE 9TH |
Alabama Shakes batting - Pitching for Long Beach KO : RHP Dave Wilson
|
Batting: RHB Seth O'Toole
|
0-0: Ball 1-0: Foul Ball, location: 2F 1-1: Foul Ball, location: 2F 1-2: Strikes out swinging
|
Batting: RHB Terry Lawrence
|
0-0: Fly out, F8 (Line Drive, 8RM)
|
Batting: LHB Dax Valdéz
|
0-0: Foul Ball, location: 2F 0-1: Ball 1-1: Foul Ball, location: 2F 1-2: Strikes out swinging
|
Top of the 9th over - 0 run(s), 0 hit(s), 0 error(s), 0 left on base; Alabama 8 - Long Beach 3 |
BOTTOM OF THE 9TH |
Long Beach KO batting - Pitching for Alabama Shakes : RHP Pedro Pérez
|
Now at SS: Aaron Stevens
|
|
Batting: RHB Tim Torres
|
0-0: Swinging Strike 0-1: Ball 1-1: Ball 2-1: Foul Ball, location: 2F 2-2: Ball 3-2: Base on Balls
|
Batting: LHB John Lynch
|
0-0: SINGLE (Line Drive, 78S) Tim Torres to second
|
Batting: RHB Cal Cox
|
0-0: Called Strike 0-1: Foul Ball, location: 2F 0-2: Strikes out looking
|
Batting: RHB Miguel Rodríguez
|
0-0: Ball 1-0: SINGLE (Line Drive, 9LS) Tim Torres to third John Lynch to second
|
Pitching: RHP Tim Lowry
|
|
Batting: RHB Carlos Sánchez
|
0-0: Ball 1-0: Called Strike 1-1: Swinging Strike 1-2: DOUBLE (Groundball, 5L) Tim Torres scores John Lynch scores Miguel Rodríguez to third
|
Batting: LHB Juan Ortíz
|
0-0: SINGLE (Line Drive, 6D) Miguel Rodríguez scores Carlos Sánchez to third
|
Pinch Hitting: LHB Gary Cahill
|
0-0: Swinging Strike 0-1: Ball 1-1: Foul Ball, location: 2F 1-2: Ball 2-2: Strikes out swinging
|
Batting: LHB José Guillén
|
0-0: Ball 1-0: Foul Ball, location: 2F 1-1: Ball 2-1: Foul Ball, location: 2F 2-2: Ball 3-2: Foul Ball, location: 2F 3-2: SINGLE (Groundball, 34D) Carlos Sánchez scores Juan Ortíz to second Juan Ortíz to third
|
Batting: RHB José González
|
0-0: Ball 1-0: Foul Ball, location: 2F 1-1: Swinging Strike 1-2: Fly out, F8 (Flyball, 89D)
|
Bottom of the 9th over - 4 run(s), 5 hit(s), 0 error(s), 2 left on base; Alabama 8 - Long Beach 7 |
|